Map: Praça Neon Violeta LE

Players

IagoAbreu - Winner!

  • Race: Zerg Zerg
  • League: Gold
  • Spawn Location: 11:00

GANESH

  • Race: Protoss Protoss
  • League: Silver
  • Spawn Location: 5:00

VOD

Have the link to the VOD?

Description

Time

  • Played on: May 12, 2018, 10:18 a.m.
  • Length: 10:18
Show
View Real Time Build Order
Export as new Build Order

IagoAbreu Zerg - Winner!

Build Orders: Hatch First 

Get SALT Encoding   

  12  0:02  Drone  
  13  0:09  Drone  
  14  0:19  Overlord  
  14  0:23  Extractor  
  14  0:26  Drone  
  14  0:54  Hatchery  
  14  0:56  Drone  
  14  1:00  Drone  
  15  1:04  Drone  
  16  1:14  Drone  
  17  1:21  Drone  
  18  1:32  Spawning Pool  
  18  1:36  Drone  
  18  1:41  Evolution Chamber  
  18  1:45  Drone  
  18  1:51  Drone  
  19  2:03  Overlord  
  19  2:08  Drone  
  20  2:19  Drone  
  21  2:25  Queen  
  21  2:27  Queen  
  25  2:38  Zerg Melee Weapons Level 1, Metabolic Boost  
  25  2:45  Extractor  
  25  2:47  Drone  
  25  2:48  Drone x2  
  27  3:06  Zergling x4  
  27  3:07  Zergling x2  
  30  3:27  Lair  
  30  3:40  Zergling x4  
  30  3:41  Zergling x6  
  35  3:54  Zergling x2  
  36  3:55  Overlord x2  
  36  4:09  Overlord  
  36  4:14  Drone  
  37  4:26  Zergling x10  
  42  4:33  Overseer  
  42  4:34  Overseer  
  42  4:38  Zergling x4  
  42  4:39  Zergling x8  
  42  4:43  Drone  
  49  4:49  Hydralisk Den  
  47  5:12  Zergling x10  
  38  6:03  Hydralisk x3  
  38  6:04  Hydralisk  
  40  6:06  Zerg Missile Weapons Level 1  
  40  6:10  Muscular Augments  
  39  6:15  Hydralisk x6  
  51  6:20  Overlord x2  
  51  6:50  Hydralisk x5  
  61  6:58  Hydralisk  
  49  7:43  Hydralisk x2  
  53  7:58  Extractor  
  53  8:01  Extractor  
  47  8:44  Spawning Pool  
  46  8:53  Overseer  
  46  9:53  Drone x3  
  46  9:54  Drone  
  46  9:56  Hatchery  
Show
View Real Time Build Order
Export as new Build Order

GANESH Protoss 

Build Orders:  

Get SALT Encoding   

  12  0:10  Pylon  
  12  0:30  Gateway  
  12  0:37  Assimilator  
  12  0:46  Forge  
  12  0:51  Probe  
  13  1:01  Probe  
  14  1:18  Zealot  
  16  1:26  Cybernetics Core  
  16  1:32  Assimilator  
  16  1:39  Pylon  
  16  1:44  Probe  
  17  1:56  Probe  
  17  2:01  Zealot  
  20  2:06  Probe  
  21  2:27  Stargate  
  21  2:36  Probe  
  22  2:48  Probe  
  23  3:16  Void Ray  
  23  3:18  Nexus  
  27  3:50  Pylon  
  27  3:59  Void Ray  
  31  4:27  Pylon  
  31  4:34  Pylon  
  31  4:42  Void Ray  
  35  4:56  Stalker  
  37  5:25  Void Ray, Stargate  
  37  5:30  Stalker  
  19  6:08  Probe  
  18  6:19  Probe  
  17  7:11  Probe  
  18  8:15  Probe  
  19  9:18  Pylon  
Tags
 
Add a new tag
Caveats
  • Supply blocks, unpowered buildings, or Contaminate may cause inaccurate times.
  • Supply counts are checked every 10 seconds.